Bridgeport Sound Tigers vs Philadelphia Phantoms

Created - 18 novembre 2020 at 14:17

Goals
1 2 3 OT1 SO T
Bridgeport Sound Tigers 1 1 0 0 2 3
Philadelphia Phantoms 0 2 0 0 1 2
Shots
1 2 3 OT1 SO T
Bridgeport Sound Tigers 9 19 14 0 3 42
Philadelphia Phantoms 15 17 6 3 3 41

1st period

1. Bridgeport Sound Tigers , Charles Hudon 1 (Michael Bunting 4) at 16:46

Penalties :
Alexander Petrovic (PHA) for Holding (Minor) at 10:57

2nd period

2. Philadelphia Phantoms , Dennis Yan 1 (Joey Keane 1, Jeremy Groleau 1) at 2:08
3. Philadelphia Phantoms , Givani Smith 2 (Dennis Cholowski 1, A.J. Greer 1) at 8:38
4. Bridgeport Sound Tigers , Drake Batherson 1 (Gemel Smith 2, Justin Bailey 1) at 13:37

Penalties :
No Penalty

3rd period

No Goal

Penalties :
Gemel Smith (SND) for Tripping (Minor) at 13:48, Jacob Middleton (SND) for Holding (Minor) at 19:58

Overtime #1

No Goal

Penalties :
No Penalty

Shootout

Bridgeport Sound Tigers, Justin Bailey - Goal!
Philadelphia Phantoms, Dryden Hunt - Shot Misses the Net
Bridgeport Sound Tigers, Drake Batherson - Shot Misses the Net
Philadelphia Phantoms, Brendan Perlini - Goal!
Bridgeport Sound Tigers, Gemel Smith - Goal!
Philadelphia Phantoms, Lias Andersson - Stopped by Matthew Villalta

Penalties :
No Penalty

Goalie Stats

Matthew Villalta (SND), 39 saves from 41 shots - (0,951), W, 2-0-0, 65:00 minutes
Oscar Dansk (PHA), 40 saves from 42 shots - (0,952), OTL, 0-0-2, 65:00 minutes

Players Stats for Bridgeport Sound Tigers

Player Name              G  A  P  +/- PIM S  H  SB GA TA FO     MP     PP MP  PK MP  
------------------------------------------------------------------------------------
Charles Hudon            1  0  1   1  0   4  2  2  2  1  0/0    16:14   0:51   0:00 
Drake Batherson          1  0  1   1  0   8  2  2  2  0  11/28  23:10   1:08   1:14 
Emil Djuse               0  0  0  -2  0   1  1  5  0  2  0/0    25:44   1:10   1:50 
Gemel Smith              0  1  1   1  2   5  2  0  1  2  0/1    21:50   1:08   0:00 
Jacob Middleton          0  0  0  -1  2   2  3  5  0  0  0/0    29:07   0:49   1:03 
Joel Persson             0  0  0   0  0   0  1  3  1  0  0/0    29:33   0:49   2:46 
Joni Tuulola             0  0  0   2  0   1  0  1  0  0  0/0    17:19   0:00   1:05 
Joona Koppanen           0  0  0  -1  0   0  0  0  0  1  1/1     8:52   0:00   0:00 
Justin Bailey            0  1  1   1  0   7  5  3  0  1  2/5    23:46   1:08   2:09 
Justin Dowling           0  0  0  -1  0   1  0  0  0  1  2/6    11:57   0:00   0:00 
Mathieu Olivier          0  0  0   0  0   0  0  0  0  0  0/0     1:05   0:00   0:00 
Michael Anderson         0  0  0   0  0   3  1  0  0  5  0/0    27:36   1:10   1:12 
Michael Bunting          0  1  1   1  0   4  2  0  0  1  0/1    16:43   0:51   0:18 
Michael Spacek           0  0  0   0  0   0  0  1  0  0  1/1     3:10   0:00   1:06 
Nicholas Caamano         0  0  0  -1  0   0  3  0  0  0  0/0    11:57   0:00   0:00 
Par Lindholm             0  0  0  -1  0   0  0  1  0  0  1/1     8:52   0:00   0:00 
Ryan Lomberg             0  0  0   0  0   0  0  0  1  0  0/0    12:50   0:00   0:37 
Steven Lorentz           0  0  0   1  0   2  3  0  0  1  7/13   17:23   0:51   0:34 
Yegor Korshkov           0  0  0  -1  0   4  3  1  0  0  0/1     8:52   0:00   0:00 

Players Stats for Philadelphia Phantoms

Player Name              G  A  P  +/- PIM S  H  SB GA TA FO     MP     PP MP  PK MP  
------------------------------------------------------------------------------------
A.J. Greer               0  1  1   1  0   5  3  1  0  1  0/0    13:47   0:00   0:00 
Alexander Petrovic       0  0  0  -1  2   0  3  0  0  0  0/0    24:05   0:54   0:00 
Brendan Perlini          0  0  0  -1  0   7  1  1  3  1  0/0    20:47   0:54   1:04 
Chase Priskie            0  0  0   0  0   2  0  2  0  2  0/0    22:41   0:54   1:10 
Dean Kukan               0  0  0   0  0   0  1  1  0  1  0/0    23:25   1:06   0:49 
Dennis Cholowski         0  1  1  -1  0   1  0  3  2  1  0/0    22:19   1:06   0:00 
Dennis Yan               1  0  1   1  0   2  0  0  1  0  0/1     9:37   0:29   0:00 
Dryden Hunt              0  0  0  -1  0   4  2  0  1  0  3/4    20:47   0:54   1:04 
German Rubtsov           0  0  0   1  0   0  2  0  1  0  1/1     8:44   0:00   0:00 
Givani Smith             1  0  1   1  0   6  1  0  2  0  0/1    16:38   0:29   0:28 
Jeremy Groleau           0  1  1   1  0   0  0  3  0  0  0/0    16:56   0:00   0:35 
Jesper Boqvist           0  0  0  -1  0   6  0  0  4  0  0/0    18:26   0:37   0:27 
Joey Keane               0  1  1   1  0   0  2  4  0  1  0/0    20:20   0:00   1:24 
Joshua Ho-Sang           0  0  0  -1  0   2  2  0  1  0  2/2    17:58   0:37   0:00 
Lias Andersson           0  0  0  -1  0   1  1  0  0  0  18/26  19:25   0:54   0:27 
MacKenzie Entwistle      0  0  0   1  0   1  0  0  0  0  0/1     8:44   0:00   0:00 
Tanner Kero              0  0  0  -1  0   3  0  0  0  0  4/16   16:36   0:37   0:00 
Zac Dalpe                0  0  0   1  0   1  0  0  0  0  5/6    16:45   0:29   0:28 

3 Stars

1 - Matthew Villalta (SND)
2 - Oscar Dansk (PHA)
3 - Charles Hudon (SND)

Power Play

Bridgeport Sound Tigers - 0 on 1 Attempt(s) - 0,00%
Philadelphia Phantoms - 0 on 2 Attempt(s) - 0,00%

Penalty Kill

Bridgeport Sound Tigers - 2 on 2 Attempt(s) - 100,00% - Score 0 goal in Penalty Kill
Philadelphia Phantoms - 1 on 1 Attempt(s) - 100,00% - Score 0 goal in Penalty Kill

Team Stat

Bridgeport Sound Tigers - Hits : 28 - Faceoff Wins : 25 - Blocked Shots : 24 - Penalty Minutes : 4
Philadelphia Phantoms - Hits : 18 - Faceoff Wins : 33 - Blocked Shots : 15 - Penalty Minutes : 2

Official

Referees : Ghislain Hebert and Troy Paterson
Linesman : Travis Toomey and Steve Barton

Game Notes

Ryan Lomberg is injured at 19:35 of 3rd period (Torso)

Finance

Level 1 -- Attendance: 1392 (69,60%) -- Ticket Income 48 720 $
Level 2 -- Attendance: 752 (75,20%) -- Ticket Income 11 280 $
Total Attendance: 2144 (71,47%)
Total Ticket Income: 60 000 $
Other Income: 29 400 $
Total Income: 89 400 $

Bridgeport Sound Tigers

5 vs 5 Forward 
   Center                   Left Wing                Right Wing               Time % Phy DF OF 
 1 Drake Batherson          Gemel Smith              Justin Bailey            40     1   2  2  
 2 Steven Lorentz           Michael Bunting          Charles Hudon            30     1   2  2  
 3 Justin Dowling           Ryan Lomberg             Nicholas Caamano         20     1   2  2  
 4 Par Lindholm             Joona Koppanen           Yegor Korshkov           10     1   2  2  

5 vs 5 Defense 
   Defense                  Defense                                           Time % Phy DF OF 
 1 Jacob Middleton          Joel Persson                                      40     1   2  2  
 2 Michael Anderson         Emil Djuse                                        30     1   2  2  
 3 Joni Tuulola             Jacob Middleton                                   20     1   2  2  
 4 Joel Persson             Michael Anderson                                  10     1   2  2  

PowerPlay Forward 
   Center                   Left Wing                Right Wing               Time % Phy DF OF 
 1 Drake Batherson          Gemel Smith              Justin Bailey            60     1   2  2  
 2 Steven Lorentz           Michael Bunting          Charles Hudon            40     1   2  2  

PowerPlay Defense
   Defense                  Defense                                           Time % Phy DF OF 
 1 Jacob Middleton          Joel Persson                                      60     1   2  2  
 2 Michael Anderson         Emil Djuse                                        40     1   2  2  

Penalty Kill 4 Players Forward 
   Center                   Wing                     Time % Phy DF OF 
 1 Justin Bailey            Drake Batherson          60     1   2  2  
 2 Gemel Smith              Steven Lorentz           40     1   2  2  

Penalty Kill 4 Players Defense
   Defense                  Defense                  Time % Phy DF OF 
 1 Jacob Middleton          Joel Persson             60     1   2  2  
 2 Michael Anderson         Emil Djuse               40     1   2  2  

Penalty Kill - 3 Players Forward 
   Forward                                           Time % Phy DF OF 
 1 Justin Bailey                                     60     1   2  2  
 2 Drake Batherson                                   40     1   2  2  

Penalty Kill - 3 Players Defense
   Defense                  Defense                  Time % Phy DF OF 
 1 Jacob Middleton          Joel Persson             60     1   2  2  
 2 Michael Anderson         Emil Djuse               40     1   2  2  

4 vs 4 Forward 
   Center                   Wing                     Time % Phy DF OF 
 1 Justin Bailey            Drake Batherson          60     1   2  2  
 2 Gemel Smith              Steven Lorentz           40     1   2  2  

4 vs 4 Defense
   Defense                  Defense                  Time % Phy DF OF 
 1 Jacob Middleton          Joel Persson             60     1   2  2  
 2 Michael Anderson         Emil Djuse               40     1   2  2  

Last Minutes Offensive
   Center                   Left Wing                Right Wing               Defense                  Defense                  
   Drake Batherson          Gemel Smith              Justin Bailey            Jacob Middleton          Joel Persson             

Last Minutes Defensive
   Center                   Left Wing                Right Wing               Defense                  Defense                  
   Drake Batherson          Gemel Smith              Justin Bailey            Jacob Middleton          Joel Persson             

Goaltenders
Starting : Matthew Villalta         
Backup : Josef Korenar            

Extra Forwards
Normal : Michael Spacek, Mathieu Olivier, Ryan Lomberg - PP : Michael Spacek, Mathieu Olivier - PK : Ryan Lomberg
Extra Defensemen
Normal : Joni Tuulola, Emil Djuse, Jacob Middleton - PP : Joni Tuulola - PK : Emil Djuse, Jacob Middleton
Penalty Shots
Justin Bailey, Drake Batherson, Gemel Smith, Steven Lorentz, Michael Bunting

Scratches
Kerby Rychel (Healthy), Evan McEneny (Healthy), Justin Scott (Healthy), Patrick Sieloff (Healthy), Jacob Pritchard (Healthy)
Kasper Bjorkqvist (Healthy)

Philadelphia Phantoms

5 vs 5 Forward 
   Center                   Left Wing                Right Wing               Time % Phy DF OF 
 1 Lias Andersson           Dryden Hunt              Brendan Perlini          36     1   2  2  
 2 Tanner Kero              Jesper Boqvist           Joshua Ho-Sang           32     1   2  2  
 3 Zac Dalpe                Givani Smith             A.J. Greer               22     1   3  1  
 4 German Rubtsov           Dennis Yan               MacKenzie Entwistle      10     1   3  1  

5 vs 5 Defense 
   Defense                  Defense                                           Time % Phy DF OF 
 1 Alexander Petrovic       Dennis Cholowski                                  37     1   3  1  
 2 Dean Kukan               Chase Priskie                                     34     1   3  1  
 3 Joey Keane               Jeremy Groleau                                    29     1   3  1  
 4 Alexander Petrovic       Joey Keane                                        0      1   3  1  

PowerPlay Forward 
   Center                   Left Wing                Right Wing               Time % Phy DF OF 
 1 Lias Andersson           Dryden Hunt              Brendan Perlini          60     0   0  5  
 2 Tanner Kero              Jesper Boqvist           Joshua Ho-Sang           40     0   0  5  

PowerPlay Defense
   Defense                  Defense                                           Time % Phy DF OF 
 1 Dean Kukan               Dennis Cholowski                                  60     0   1  4  
 2 Alexander Petrovic       Chase Priskie                                     40     0   1  4  

Penalty Kill 4 Players Forward 
   Center                   Wing                     Time % Phy DF OF 
 1 Dryden Hunt              Brendan Perlini          60     0   5  0  
 2 Lias Andersson           Jesper Boqvist           40     0   5  0  

Penalty Kill 4 Players Defense
   Defense                  Defense                  Time % Phy DF OF 
 1 Alexander Petrovic       Joey Keane               60     0   5  0  
 2 Dean Kukan               Chase Priskie            40     0   5  0  

Penalty Kill - 3 Players Forward 
   Forward                                           Time % Phy DF OF 
 1 Dryden Hunt                                       60     0   5  0  
 2 Brendan Perlini                                   40     0   5  0  

Penalty Kill - 3 Players Defense
   Defense                  Defense                  Time % Phy DF OF 
 1 Alexander Petrovic       Joey Keane               60     0   5  0  
 2 Dean Kukan               Chase Priskie            40     0   5  0  

4 vs 4 Forward 
   Center                   Wing                     Time % Phy DF OF 
 1 Dryden Hunt              Brendan Perlini          60     1   2  2  
 2 Lias Andersson           Jesper Boqvist           40     1   2  2  

4 vs 4 Defense
   Defense                  Defense                  Time % Phy DF OF 
 1 Alexander Petrovic       Joey Keane               60     1   2  2  
 2 Dean Kukan               Chase Priskie            40     1   2  2  

Last Minutes Offensive
   Center                   Left Wing                Right Wing               Defense                  Defense                  
   Lias Andersson           Dryden Hunt              Brendan Perlini          Dean Kukan               Dennis Cholowski         

Last Minutes Defensive
   Center                   Left Wing                Right Wing               Defense                  Defense                  
   Tanner Kero              Zac Dalpe                A.J. Greer               Dean Kukan               Dennis Cholowski         

Goaltenders
Starting : Oscar Dansk              
Backup : Cayden Primeau           

Extra Forwards
Normal : Zac Dalpe, Joshua Ho-Sang, Givani Smith - PP : Dennis Yan, Joshua Ho-Sang - PK : Givani Smith
Extra Defensemen
Normal : Joey Keane, Dean Kukan, Jeremy Groleau - PP : Joey Keane - PK : Chase Priskie, Dean Kukan
Penalty Shots
Dryden Hunt, Brendan Perlini, Lias Andersson, Jesper Boqvist, A.J. Greer

Scratches
Max Veronneau (Healthy), Jon Martin (Healthy), Ty Lewis (Healthy), Alex Lyon (Healthy), Hunter Miska (Healthy)
Kevin Lankinen (Healthy)

% Time on Ice - Bridgeport Sound Tigers

Lines # - Real PCT - Wanted PCT - Time Play
Normal Forward
1 - 35% - 40% - 19:49
2 - 27% - 30% - 15:23
3 - 21% - 20% - 11:57
4 - 16% - 10% - 8:52
Normal Defense
1 - 30% - 40% - 16:45
2 - 34% - 30% - 18:50
3 - 24% - 20% - 13:32
4 - 12% - 10% - 6:54
PP Forward
1 - 57% - 60% - 1:08
2 - 43% - 40% - 0:51
PP Defense
1 - 41% - 60% - 0:49
2 - 59% - 40% - 1:10
PK Forward
1 - 72% - 60% - 1:26
2 - 28% - 40% - 0:34
PK Defense
1 - 65% - 60% - 1:18
2 - 35% - 40% - 0:42
PK3 Forward
1 - 88% - 60% - 1:44
2 - 12% - 40% - 0:14
PK3 Defense
1 - 75% - 60% - 1:28
2 - 25% - 40% - 0:30
44 Forward
1 - 90% - 60% - 2:43
2 - 10% - 40% - 0:19
44 Defense
1 - 73% - 60% - 2:12
2 - 27% - 40% - 0:50
Last Minute Offensive  - 0:00
Last Minute Defensive  - 0:00
Total
Forward - 65:00
Defense - 65:00

% Time on Ice - Philadelphia Phantoms

Lines # - Real PCT - Wanted PCT - Time Play
Normal Forward
1 - 31% - 36% - 17:31
2 - 29% - 32% - 15:59
3 - 25% - 22% - 13:47
4 - 16% - 10% - 8:44
Normal Defense
1 - 37% - 37% - 20:41
2 - 33% - 34% - 18:35
3 - 28% - 29% - 15:41
4 - 2% - 0% - 1:04
PP Forward
1 - 69% - 60% - 1:23
2 - 31% - 40% - 0:37
PP Defense
1 - 55% - 60% - 1:06
2 - 45% - 40% - 0:54
PK Forward
1 - 77% - 60% - 1:32
2 - 23% - 40% - 0:27
PK Defense
1 - 71% - 60% - 1:24
2 - 29% - 40% - 0:35
PK3 Forward
1 - 0% - 60%
2 - 0% - 40%
PK3 Defense
1 - 0% - 60%
2 - 0% - 40%
44 Forward
1 - 72% - 60% - 3:37
2 - 28% - 40% - 1:23
44 Defense
1 - 59% - 60% - 2:58
2 - 41% - 40% - 2:02
Last Minute Offensive  - 0:00
Last Minute Defensive  - 0:00
Total
Forward - 65:00
Defense - 65:00

Play-by-Play

1st period


0:01 of 1st period - Lias Andersson wins face-off versus Drake Batherson in neutral zone.
0:16 of 1st period - Wrist shot by Lias Andersson.
0:16 of 1st period - Shot Blocked by Drake Batherson.
2:20 of 1st period - Off-side.
2:21 of 1st period - Drake Batherson wins face-off versus Lias Andersson in neutral zone.
2:48 of 1st period - Wrist shot by Jesper Boqvist.
2:48 of 1st period - Stopped by Matthew Villalta with a rebound.
3:08 of 1st period - Wrist shot by Yegor Korshkov.
3:08 of 1st period - Shot Misses the Net.
3:10 of 1st period - Slapshot by Joni Tuulola.
3:10 of 1st period - Stopped by Oscar Dansk without a rebound.
3:11 of 1st period - German Rubtsov wins face-off versus Drake Batherson in Philadelphia Phantoms zone.
3:22 of 1st period - Slapshot by Dennis Cholowski.
3:22 of 1st period - Shot Misses the Net.
3:24 of 1st period - Snap shot by German Rubtsov.
3:24 of 1st period - Shot Misses the Net.
3:50 of 1st period - Wrist shot by Dryden Hunt.
3:50 of 1st period - Shot Misses the Net.
4:02 of 1st period - Justin Dowling is hit by Joey Keane and loses puck.
4:30 of 1st period - Icing by Zac Dalpe.
4:31 of 1st period - Zac Dalpe wins face-off versus Drake Batherson in Philadelphia Phantoms zone.
4:42 of 1st period - Wrist shot by Drake Batherson.
4:42 of 1st period - Stopped by Oscar Dansk with a rebound.
4:45 of 1st period - Icing by Alexander Petrovic.
4:46 of 1st period - Steven Lorentz wins face-off versus Zac Dalpe in Philadelphia Phantoms zone.
5:07 of 1st period - Slapshot by A.J. Greer.
5:07 of 1st period - Stopped by Matthew Villalta with a rebound.
5:09 of 1st period - Slapshot by Alexander Petrovic.
5:09 of 1st period - Shot Blocked by Emil Djuse.
5:49 of 1st period - Joshua Ho-Sang is hit by Charles Hudon and loses puck.
6:16 of 1st period - Wrist shot by Dennis Yan.
6:16 of 1st period - Shot Blocked by Par Lindholm.
6:18 of 1st period - Snap shot by Dennis Yan.
6:18 of 1st period - Stopped by Matthew Villalta with a rebound.
6:20 of 1st period - Snap shot by Chase Priskie.
6:20 of 1st period - Stopped by Matthew Villalta with a rebound.
6:24 of 1st period - Snap shot by German Rubtsov.
6:24 of 1st period - Shot Misses the Net.
7:08 of 1st period - Slapshot by Charles Hudon.
7:08 of 1st period - Stopped by Oscar Dansk without a rebound.
7:09 of 1st period - Lias Andersson wins face-off versus Steven Lorentz in Philadelphia Phantoms zone.
7:16 of 1st period - Wrist shot by Brendan Perlini.
7:16 of 1st period - Stopped by Matthew Villalta with a rebound.
8:57 of 1st period - Jacob Middleton is hit by Joey Keane and loses puck.
9:08 of 1st period - Snap shot by Jesper Boqvist.
9:08 of 1st period - Shot Blocked by Jacob Middleton.
9:19 of 1st period - Tanner Kero is hit by Nicholas Caamano and loses puck.
9:30 of 1st period - Jesper Boqvist is hit by Emil Djuse and loses puck.
9:51 of 1st period - Snap shot by A.J. Greer.
9:51 of 1st period - Stopped by Matthew Villalta without a rebound.
9:52 of 1st period - Zac Dalpe wins face-off versus Steven Lorentz in Bridgeport Sound Tigers zone.
10:13 of 1st period - Backhand shot by A.J. Greer.
10:13 of 1st period - Stopped by Matthew Villalta with a rebound.
10:34 of 1st period - Snap shot by Michael Bunting.
10:34 of 1st period - Shot Misses the Net.
10:36 of 1st period - Snap shot by Jacob Middleton.
10:36 of 1st period - Deflect By Steven Lorentz.
10:36 of 1st period - Shot Misses the Net.
10:36 of 1st period - Puck is out of play.
10:37 of 1st period - Lias Andersson wins face-off versus Drake Batherson in Philadelphia Phantoms zone.
10:48 of 1st period - Wrist shot by Lias Andersson.
10:48 of 1st period - Shot Misses the Net.
10:57 of 1st period - Minor Penalty to Alexander Petrovic for Holding.
10:58 of 1st period - Drake Batherson wins face-off versus Dryden Hunt in Philadelphia Phantoms zone.
10:58 of 1st period - Slapshot by Justin Bailey.
10:58 of 1st period - Stopped by Oscar Dansk with a rebound.
11:00 of 1st period - Slapshot by Emil Djuse.
11:00 of 1st period - Deflect By Gemel Smith.
11:00 of 1st period - Shot Blocked by Chase Priskie.
11:00 of 1st period - Puck is out of play.
11:01 of 1st period - Dryden Hunt wins face-off versus Drake Batherson in Philadelphia Phantoms zone.
11:27 of 1st period - Snap shot by Charles Hudon.
11:27 of 1st period - Shot Blocked by Brendan Perlini.
12:01 of 1st period - Dean Kukan is hit by Michael Bunting and loses puck.
12:21 of 1st period - Icing by Gemel Smith.
12:22 of 1st period - Drake Batherson wins face-off versus Givani Smith in Bridgeport Sound Tigers zone.
12:57 of 1st period - Penalty to Alexander Petrovic is over, Alexander Petrovic is back on ice.
12:59 of 1st period - Wrist shot by Brendan Perlini.
12:59 of 1st period - Stopped by Matthew Villalta with a rebound.
13:11 of 1st period - Snap shot by Brendan Perlini.
13:11 of 1st period - Stopped by Matthew Villalta without a rebound.
13:12 of 1st period - Joshua Ho-Sang wins face-off versus Justin Dowling in Bridgeport Sound Tigers zone.
13:13 of 1st period - Wrist shot by Jesper Boqvist.
13:13 of 1st period - Shot Misses the Net.
13:37 of 1st period - Steven Lorentz is hit by Alexander Petrovic.
13:43 of 1st period - Slapshot by Givani Smith.
13:43 of 1st period - Shot Blocked by Jacob Middleton.
13:45 of 1st period - Wrist shot by A.J. Greer.
13:45 of 1st period - Shot Blocked by Jacob Middleton.
13:47 of 1st period - Slapshot by Dennis Cholowski.
13:47 of 1st period - Stopped by Matthew Villalta without a rebound.
13:48 of 1st period - Lias Andersson wins face-off versus Drake Batherson in Bridgeport Sound Tigers zone.
13:55 of 1st period - Wrist shot by Dryden Hunt.
13:55 of 1st period - Shot Blocked by Justin Bailey.
13:57 of 1st period - Snap shot by Dryden Hunt.
13:57 of 1st period - Stopped by Matthew Villalta without a rebound.
13:58 of 1st period - Lias Andersson wins face-off versus Drake Batherson in Bridgeport Sound Tigers zone.
14:07 of 1st period - Justin Bailey is hit by Dryden Hunt and loses puck.
14:52 of 1st period - Snap shot by Brendan Perlini.
14:52 of 1st period - Stopped by Matthew Villalta with a rebound.
15:10 of 1st period - Wrist shot by Brendan Perlini.
15:10 of 1st period - Shot Misses the Net.
15:12 of 1st period - Wrist shot by Dryden Hunt.
15:12 of 1st period - Shot Misses the Net.
15:22 of 1st period - Slapshot by Justin Bailey.
15:22 of 1st period - Shot Misses the Net.
15:34 of 1st period - Slapshot by Dryden Hunt.
15:34 of 1st period - Stopped by Matthew Villalta with a rebound.
15:36 of 1st period - Snap shot by Brendan Perlini.
15:36 of 1st period - Stopped by Matthew Villalta without a rebound.
15:37 of 1st period - Steven Lorentz wins face-off versus Tanner Kero in Bridgeport Sound Tigers zone.
15:42 of 1st period - Wrist shot by Charles Hudon.
15:42 of 1st period - Stopped by Oscar Dansk with a rebound.
16:10 of 1st period - Snap shot by A.J. Greer.
16:10 of 1st period - Shot Misses the Net.
16:12 of 1st period - Slapshot by Zac Dalpe.
16:12 of 1st period - Shot Blocked by Joel Persson.
16:46 of 1st period - Slapshot by Charles Hudon.
16:46 of 1st period - Goal by Charles Hudon - Bridgeport Sound Tigers : 1 - Philadelphia Phantoms : 0.
16:47 of 1st period - Steven Lorentz wins face-off versus Tanner Kero in neutral zone.
16:50 of 1st period - Snap shot by Charles Hudon.
16:50 of 1st period - Shot Misses the Net.
16:56 of 1st period - Snap shot by Michael Bunting.
16:56 of 1st period - Stopped by Oscar Dansk with a rebound.
16:58 of 1st period - Snap shot by Michael Bunting.
16:58 of 1st period - Stopped by Oscar Dansk without a rebound.
16:59 of 1st period - Tanner Kero wins face-off versus Justin Dowling in Philadelphia Phantoms zone.
16:59 of 1st period - Tanner Kero is hit by Nicholas Caamano.
17:07 of 1st period - Snap shot by Ryan Lomberg.
17:07 of 1st period - Shot Blocked by Jeremy Groleau.
17:25 of 1st period - Givani Smith is hit by Michael Anderson and loses puck.
17:51 of 1st period - Wrist shot by Brendan Perlini.
17:51 of 1st period - Stopped by Matthew Villalta with a rebound.
18:01 of 1st period - Dryden Hunt is hit by Michael Bunting and loses puck.
18:21 of 1st period - Off-side.
18:22 of 1st period - Drake Batherson wins face-off versus Tanner Kero in neutral zone.
18:27 of 1st period - Alexander Petrovic is hit by Gemel Smith and loses puck.
18:32 of 1st period - Wrist shot by Drake Batherson.
18:32 of 1st period - Stopped by Oscar Dansk without a rebound.
18:33 of 1st period - Lias Andersson wins face-off versus Drake Batherson in Philadelphia Phantoms zone.
19:02 of 1st period - Slapshot by Steven Lorentz.
19:02 of 1st period - Shot Misses the Net.
19:04 of 1st period - Snap shot by Michael Bunting.
19:04 of 1st period - Deflect By Charles Hudon.
19:04 of 1st period - Shot Misses the Net.
19:04 of 1st period - Puck is out of play.
19:05 of 1st period - Tanner Kero wins face-off versus Steven Lorentz in Philadelphia Phantoms zone.
19:20 of 1st period - Snap shot by Jesper Boqvist.
19:20 of 1st period - Shot Misses the Net.
19:30 of 1st period - Brendan Perlini is hit by Justin Bailey and loses puck.
Goals for this period are 1 for Bridgeport Sound Tigers vs 0 for Philadelphia Phantoms.
Shots for this period are 9 for Bridgeport Sound Tigers vs 15 for Philadelphia Phantoms.

2nd period


0:01 of 2nd period - Drake Batherson wins face-off versus Lias Andersson in neutral zone.
0:08 of 2nd period - Joel Persson is hit by Brendan Perlini and loses puck.
0:32 of 2nd period - Dennis Cholowski is hit by Nicholas Caamano and loses puck.
0:49 of 2nd period - Wrist shot by Jesper Boqvist.
0:49 of 2nd period - Stopped by Matthew Villalta without a rebound.
0:50 of 2nd period - Zac Dalpe wins face-off versus Drake Batherson in Bridgeport Sound Tigers zone.
1:15 of 2nd period - Michael Bunting is hit by Dryden Hunt and loses puck.
1:26 of 2nd period - Wrist shot by Dryden Hunt.
1:26 of 2nd period - Shot Hit the Post.
1:28 of 2nd period - Slapshot by Joey Keane.
1:28 of 2nd period - Shot Misses the Net.
1:42 of 2nd period - Snap shot by Justin Dowling.
1:42 of 2nd period - Shot Misses the Net.
1:46 of 2nd period - Snap shot by Ryan Lomberg.
1:46 of 2nd period - Shot Hit the Post.
1:48 of 2nd period - Slapshot by Joel Persson.
1:48 of 2nd period - Shot Misses the Net.
2:08 of 2nd period - Snap shot by Dennis Yan.
2:08 of 2nd period - Goal by Dennis Yan - Bridgeport Sound Tigers : 1 - Philadelphia Phantoms : 1.
2:09 of 2nd period - Lias Andersson wins face-off versus Drake Batherson in neutral zone.
2:49 of 2nd period - Snap shot by Gemel Smith.
2:49 of 2nd period - Shot Blocked by Dean Kukan.
2:51 of 2nd period - Slapshot by Michael Anderson.
2:51 of 2nd period - Stopped by Oscar Dansk with a rebound.
2:59 of 2nd period - Snap shot by Justin Bailey.
2:59 of 2nd period - Stopped by Oscar Dansk with a rebound.
3:07 of 2nd period - Wrist shot by Drake Batherson.
3:07 of 2nd period - Deflect By Gemel Smith.
3:07 of 2nd period - Stopped by Oscar Dansk with a rebound.
3:09 of 2nd period - Wrist shot by Drake Batherson.
3:09 of 2nd period - Stopped by Oscar Dansk with a rebound.
3:21 of 2nd period - Slapshot by Justin Bailey.
3:21 of 2nd period - Deflect By Chase Priskie.
3:21 of 2nd period - Stopped by Oscar Dansk with a rebound.
3:23 of 2nd period - Wrist shot by Gemel Smith.
3:23 of 2nd period - Shot Blocked by A.J. Greer.
3:25 of 2nd period - Wrist shot by Michael Anderson.
3:25 of 2nd period - Deflect By Justin Bailey.
3:25 of 2nd period - Stopped by Oscar Dansk without a rebound.
3:26 of 2nd period - Steven Lorentz wins face-off versus Tanner Kero in Philadelphia Phantoms zone.
3:33 of 2nd period - Tanner Kero is hit by Joel Persson.
4:03 of 2nd period - Snap shot by Nicholas Caamano.
4:03 of 2nd period - Shot Misses the Net.
4:19 of 2nd period - Backhand shot by Jacob Middleton.
4:19 of 2nd period - Stopped by Oscar Dansk with a rebound.
4:21 of 2nd period - Snap shot by Jacob Middleton.
4:21 of 2nd period - Deflect By Yegor Korshkov.
4:21 of 2nd period - Shot Misses the Net.
4:21 of 2nd period - Puck is out of play.
4:22 of 2nd period - Joona Koppanen wins face-off versus MacKenzie Entwistle in Philadelphia Phantoms zone.
4:25 of 2nd period - Backhand shot by Par Lindholm.
4:25 of 2nd period - Shot Blocked by Joey Keane.
4:56 of 2nd period - Snap shot by Jesper Boqvist.
4:56 of 2nd period - Deflect By Tanner Kero.
4:56 of 2nd period - Stopped by Matthew Villalta without a rebound.
4:57 of 2nd period - Lias Andersson wins face-off versus Drake Batherson in Bridgeport Sound Tigers zone.
5:30 of 2nd period - Dennis Cholowski is hit by Steven Lorentz and loses puck.
5:43 of 2nd period - Slapshot by A.J. Greer.
5:43 of 2nd period - Shot Misses the Net.
6:26 of 2nd period - Joshua Ho-Sang is hit by Yegor Korshkov and loses puck.
6:31 of 2nd period - Snap shot by Yegor Korshkov.
6:31 of 2nd period - Shot Blocked by Joey Keane.
6:33 of 2nd period - Wrist shot by Par Lindholm.
6:33 of 2nd period - Shot Misses the Net.
6:35 of 2nd period - Snap shot by Joona Koppanen.
6:35 of 2nd period - Shot Blocked by Jeremy Groleau.
6:37 of 2nd period - Snap shot by Par Lindholm.
6:37 of 2nd period - Shot Misses the Net.
6:39 of 2nd period - Wrist shot by Michael Anderson.
6:39 of 2nd period - Stopped by Oscar Dansk with a rebound.
6:41 of 2nd period - Snap shot by Yegor Korshkov.
6:41 of 2nd period - Deflect By Par Lindholm.
6:41 of 2nd period - Shot Blocked by Joey Keane.
6:41 of 2nd period - Puck is out of play.
6:42 of 2nd period - Drake Batherson wins face-off versus Lias Andersson in Philadelphia Phantoms zone.
6:49 of 2nd period - Wrist shot by Drake Batherson.
6:49 of 2nd period - Stopped by Oscar Dansk without a rebound.
6:50 of 2nd period - Lias Andersson wins face-off versus Justin Bailey in Philadelphia Phantoms zone.
7:34 of 2nd period - Snap shot by Givani Smith.
7:34 of 2nd period - Stopped by Matthew Villalta without a rebound.
7:35 of 2nd period - Zac Dalpe wins face-off versus Justin Dowling in Bridgeport Sound Tigers zone.
7:59 of 2nd period - Slapshot by Givani Smith.
7:59 of 2nd period - Stopped by Matthew Villalta with a rebound.
8:18 of 2nd period - Slapshot by A.J. Greer.
8:18 of 2nd period - Stopped by Matthew Villalta with a rebound.
8:20 of 2nd period - Wrist shot by Zac Dalpe.
8:20 of 2nd period - Shot Blocked by Jacob Middleton.
8:32 of 2nd period - Wrist shot by Givani Smith.
8:32 of 2nd period - Shot Misses the Net.
8:34 of 2nd period - Slapshot by Givani Smith.
8:34 of 2nd period - Shot Misses the Net.
8:38 of 2nd period - Slapshot by Givani Smith.
8:38 of 2nd period - Goal by Givani Smith - Bridgeport Sound Tigers : 1 - Philadelphia Phantoms : 2.
8:39 of 2nd period - Lias Andersson wins face-off versus Drake Batherson in neutral zone.
8:55 of 2nd period - Icing by Gemel Smith.
8:56 of 2nd period - Drake Batherson wins face-off versus Tanner Kero in Bridgeport Sound Tigers zone.
9:47 of 2nd period - Icing by Michael Anderson.
9:48 of 2nd period - Zac Dalpe wins face-off versus Drake Batherson in Bridgeport Sound Tigers zone.
9:57 of 2nd period - Zac Dalpe is hit by Justin Bailey and loses puck.
10:10 of 2nd period - Wrist shot by Drake Batherson.
10:10 of 2nd period - Shot Misses the Net.
10:12 of 2nd period - Slapshot by Emil Djuse.
10:12 of 2nd period - Shot Blocked by Dennis Cholowski.
10:14 of 2nd period - Snap shot by Justin Bailey.
10:14 of 2nd period - Shot Blocked by Dennis Cholowski.
10:16 of 2nd period - Wrist shot by Justin Bailey.
10:16 of 2nd period - Shot Misses the Net.
10:18 of 2nd period - Slapshot by Michael Anderson.
10:18 of 2nd period - Stopped by Oscar Dansk without a rebound.
10:19 of 2nd period - Lias Andersson wins face-off versus Michael Bunting in Philadelphia Phantoms zone.
10:25 of 2nd period - Off-side.
10:26 of 2nd period - Steven Lorentz wins face-off versus Lias Andersson in neutral zone.
10:39 of 2nd period - Snap shot by Lias Andersson.
10:39 of 2nd period - Shot Blocked by Charles Hudon.
10:41 of 2nd period - Slapshot by Dryden Hunt.
10:41 of 2nd period - Stopped by Matthew Villalta with a rebound.
12:32 of 2nd period - Snap shot by Michael Bunting.
12:32 of 2nd period - Stopped by Oscar Dansk with a rebound.
12:34 of 2nd period - Slapshot by Emil Djuse.
12:34 of 2nd period - Shot Blocked by Joey Keane.
12:36 of 2nd period - Snap shot by Charles Hudon.
12:36 of 2nd period - Stopped by Oscar Dansk with a rebound.
13:14 of 2nd period - Slapshot by Gemel Smith.
13:14 of 2nd period - Stopped by Oscar Dansk without a rebound.
13:15 of 2nd period - Drake Batherson wins face-off versus Tanner Kero in Philadelphia Phantoms zone.
13:16 of 2nd period - Wrist shot by Justin Bailey.
13:16 of 2nd period - Stopped by Oscar Dansk with a rebound.
13:18 of 2nd period - Wrist shot by Drake Batherson.
13:18 of 2nd period - Stopped by Oscar Dansk with a rebound.
13:20 of 2nd period - Snap shot by Drake Batherson.
13:20 of 2nd period - Shot Misses the Net.
13:22 of 2nd period - Snap shot by Justin Bailey.
13:22 of 2nd period - Stopped by Oscar Dansk without a rebound.
13:23 of 2nd period - Lias Andersson wins face-off versus Gemel Smith in Philadelphia Phantoms zone.
13:23 of 2nd period - Lias Andersson is hit by Drake Batherson.
13:35 of 2nd period - Snap shot by Drake Batherson.
13:35 of 2nd period - Stopped by Oscar Dansk with a rebound.
13:37 of 2nd period - Wrist shot by Gemel Smith.
13:37 of 2nd period - Deflect By Drake Batherson.
13:37 of 2nd period - Goal by Drake Batherson - Bridgeport Sound Tigers : 2 - Philadelphia Phantoms : 2.
13:38 of 2nd period - Drake Batherson wins face-off versus Lias Andersson in neutral zone.
13:53 of 2nd period - Snap shot by Justin Bailey.
13:53 of 2nd period - Deflect By Drake Batherson.
13:53 of 2nd period - Shot Misses the Net.
13:53 of 2nd period - Puck is out of play.
13:54 of 2nd period - Tanner Kero wins face-off versus Steven Lorentz in Philadelphia Phantoms zone.
13:59 of 2nd period - Snap shot by Jesper Boqvist.
13:59 of 2nd period - Deflect By Joshua Ho-Sang.
13:59 of 2nd period - Shot Misses the Net.
13:59 of 2nd period - Puck is out of play.
14:00 of 2nd period - Joshua Ho-Sang wins face-off versus Steven Lorentz in Bridgeport Sound Tigers zone.
14:01 of 2nd period - Wrist shot by Jesper Boqvist.
14:01 of 2nd period - Stopped by Matthew Villalta with a rebound.
14:11 of 2nd period - Snap shot by Michael Bunting.
14:11 of 2nd period - Shot Blocked by Chase Priskie.
14:31 of 2nd period - Slapshot by Brendan Perlini.
14:31 of 2nd period - Shot Misses the Net.
14:53 of 2nd period - Snap shot by Givani Smith.
14:53 of 2nd period - Shot Misses the Net.
15:37 of 2nd period - Wrist shot by Jesper Boqvist.
15:37 of 2nd period - Stopped by Matthew Villalta with a rebound.
16:01 of 2nd period - Brendan Perlini is hit by Gemel Smith and loses puck.
16:12 of 2nd period - Dean Kukan is hit by Yegor Korshkov.
16:16 of 2nd period - Wrist shot by Givani Smith.
16:16 of 2nd period - Shot Misses the Net.
16:18 of 2nd period - Snap shot by Zac Dalpe.
16:18 of 2nd period - Shot Misses the Net.
16:20 of 2nd period - Slapshot by Givani Smith.
16:20 of 2nd period - Stopped by Matthew Villalta with a rebound.
16:22 of 2nd period - Wrist shot by Givani Smith.
16:22 of 2nd period - Stopped by Matthew Villalta with a rebound.
16:40 of 2nd period - Snap shot by Ryan Lomberg.
16:40 of 2nd period - Shot Blocked by Dennis Cholowski.
16:42 of 2nd period - Snap shot by Justin Dowling.
16:42 of 2nd period - Stopped by Oscar Dansk with a rebound.
16:56 of 2nd period - Snap shot by Jesper Boqvist.
16:56 of 2nd period - Shot Misses the Net.
16:58 of 2nd period - Slapshot by Tanner Kero.
16:58 of 2nd period - Stopped by Matthew Villalta with a rebound.
17:00 of 2nd period - Snap shot by Dennis Cholowski.
17:00 of 2nd period - Shot Blocked by Joel Persson.
17:32 of 2nd period - Par Lindholm is hit by A.J. Greer and loses puck.
17:56 of 2nd period - Ryan Lomberg is hit by German Rubtsov and loses puck.
18:18 of 2nd period - Snap shot by Brendan Perlini.
18:18 of 2nd period - Stopped by Matthew Villalta with a rebound.
18:34 of 2nd period - Slapshot by Joshua Ho-Sang.
18:34 of 2nd period - Stopped by Matthew Villalta with a rebound.
18:36 of 2nd period - Snap shot by Joshua Ho-Sang.
18:36 of 2nd period - Shot Misses the Net.
18:38 of 2nd period - Slapshot by Tanner Kero.
18:38 of 2nd period - Stopped by Matthew Villalta with a rebound.
18:40 of 2nd period - Slapshot by Zac Dalpe.
18:40 of 2nd period - Stopped by Matthew Villalta without a rebound.
18:41 of 2nd period - Justin Dowling wins face-off versus Tanner Kero in Bridgeport Sound Tigers zone.
18:55 of 2nd period - Joel Persson is hit by Joshua Ho-Sang and loses puck.
19:06 of 2nd period - Lias Andersson is hit by Justin Bailey and loses puck.
Goals for this period are 1 for Bridgeport Sound Tigers vs 2 for Philadelphia Phantoms.
Shots for this period are 19 for Bridgeport Sound Tigers vs 17 for Philadelphia Phantoms.

3rd period


0:01 of 3rd period - Lias Andersson wins face-off versus Drake Batherson in neutral zone.
0:10 of 3rd period - Slapshot by Dryden Hunt.
0:10 of 3rd period - Stopped by Matthew Villalta without a rebound.
0:11 of 3rd period - Drake Batherson wins face-off versus Lias Andersson in Bridgeport Sound Tigers zone.
0:36 of 3rd period - Drake Batherson is hit by Alexander Petrovic and loses puck.
1:01 of 3rd period - Snap shot by Charles Hudon.
1:01 of 3rd period - Deflect By Steven Lorentz.
1:01 of 3rd period - Stopped by Oscar Dansk with a rebound.
1:49 of 3rd period - Snap shot by Lias Andersson.
1:49 of 3rd period - Deflect By Dryden Hunt.
1:49 of 3rd period - Shot Misses the Net.
1:49 of 3rd period - Puck is out of play.
1:50 of 3rd period - Steven Lorentz wins face-off versus Tanner Kero in Bridgeport Sound Tigers zone.
2:34 of 3rd period - Par Lindholm is hit by Dean Kukan and loses puck.
2:53 of 3rd period - Zac Dalpe is hit by Charles Hudon and loses puck.
3:00 of 3rd period - Wrist shot by Steven Lorentz.
3:00 of 3rd period - Stopped by Oscar Dansk with a rebound.
3:02 of 3rd period - Slapshot by Joni Tuulola.
3:02 of 3rd period - Deflect By Charles Hudon.
3:02 of 3rd period - Shot Misses the Net.
3:02 of 3rd period - Puck is out of play.
3:03 of 3rd period - Drake Batherson wins face-off versus Tanner Kero in Philadelphia Phantoms zone.
3:10 of 3rd period - Wrist shot by Gemel Smith.
3:10 of 3rd period - Stopped by Oscar Dansk with a rebound.
3:12 of 3rd period - Snap shot by Gemel Smith.
3:12 of 3rd period - Stopped by Oscar Dansk without a rebound.
3:13 of 3rd period - Tanner Kero wins face-off versus Drake Batherson in Philadelphia Phantoms zone.
3:35 of 3rd period - Tanner Kero is hit by Drake Batherson and loses puck.
3:52 of 3rd period - Wrist shot by Jesper Boqvist.
3:52 of 3rd period - Stopped by Matthew Villalta with a rebound.
3:58 of 3rd period - Wrist shot by Justin Bailey.
3:58 of 3rd period - Shot Misses the Net.
4:00 of 3rd period - Snap shot by Drake Batherson.
4:00 of 3rd period - Shot Misses the Net.
4:02 of 3rd period - Snap shot by Emil Djuse.
4:02 of 3rd period - Stopped by Oscar Dansk without a rebound.
4:03 of 3rd period - Lias Andersson wins face-off versus Steven Lorentz in Philadelphia Phantoms zone.
5:40 of 3rd period - Par Lindholm is hit by A.J. Greer and loses puck.
6:44 of 3rd period - Alexander Petrovic is hit by Steven Lorentz and loses puck.
7:13 of 3rd period - Wrist shot by A.J. Greer.
7:13 of 3rd period - Shot Blocked by Charles Hudon.
7:15 of 3rd period - Wrist shot by Dennis Cholowski.
7:15 of 3rd period - Shot Blocked by Joel Persson.
7:36 of 3rd period - Wrist shot by Charles Hudon.
7:36 of 3rd period - Deflect By Michael Bunting.
7:36 of 3rd period - Stopped by Oscar Dansk with a rebound.
7:44 of 3rd period - Joel Persson is hit by A.J. Greer and loses puck.
7:51 of 3rd period - Wrist shot by Givani Smith.
7:51 of 3rd period - Stopped by Matthew Villalta without a rebound.
7:52 of 3rd period - Lias Andersson wins face-off versus Drake Batherson in Bridgeport Sound Tigers zone.
8:18 of 3rd period - Ryan Lomberg is hit by German Rubtsov and loses puck.
8:27 of 3rd period - Wrist shot by MacKenzie Entwistle.
8:27 of 3rd period - Stopped by Matthew Villalta with a rebound.
8:41 of 3rd period - Dennis Yan is hit by Yegor Korshkov and loses puck.
8:46 of 3rd period - Slapshot by Joona Koppanen.
8:46 of 3rd period - Shot Misses the Net.
9:08 of 3rd period - Snap shot by Tanner Kero.
9:08 of 3rd period - Shot Blocked by Justin Bailey.
9:10 of 3rd period - Wrist shot by Tanner Kero.
9:10 of 3rd period - Shot Blocked by Drake Batherson.
9:12 of 3rd period - Slapshot by Joshua Ho-Sang.
9:12 of 3rd period - Stopped by Matthew Villalta without a rebound.
9:13 of 3rd period - Lias Andersson wins face-off versus Yegor Korshkov in Bridgeport Sound Tigers zone.
9:22 of 3rd period - Snap shot by Lias Andersson.
9:22 of 3rd period - Shot Blocked by Yegor Korshkov.
9:38 of 3rd period - Icing by Yegor Korshkov.
9:39 of 3rd period - Par Lindholm wins face-off versus Tanner Kero in Bridgeport Sound Tigers zone.
9:52 of 3rd period - Snap shot by Yegor Korshkov.
9:52 of 3rd period - Stopped by Oscar Dansk with a rebound.
9:54 of 3rd period - Slapshot by Joel Persson.
9:54 of 3rd period - Deflect By Yegor Korshkov.
9:54 of 3rd period - Stopped by Oscar Dansk with a rebound.
9:56 of 3rd period - Wrist shot by Joel Persson.
9:56 of 3rd period - Shot Blocked by Jeremy Groleau.
10:02 of 3rd period - Slapshot by Yegor Korshkov.
10:02 of 3rd period - Stopped by Oscar Dansk without a rebound.
10:03 of 3rd period - Lias Andersson wins face-off versus Drake Batherson in Philadelphia Phantoms zone.
10:17 of 3rd period - Snap shot by Gemel Smith.
10:17 of 3rd period - Stopped by Oscar Dansk with a rebound.
10:19 of 3rd period - Snap shot by Justin Bailey.
10:19 of 3rd period - Stopped by Oscar Dansk with a rebound.
10:49 of 3rd period - Chase Priskie is hit by Jacob Middleton and loses puck.
11:14 of 3rd period - Slapshot by Chase Priskie.
11:14 of 3rd period - Shot Blocked by Joni Tuulola.
11:16 of 3rd period - Slapshot by Chase Priskie.
11:16 of 3rd period - Shot Blocked by Jacob Middleton.
11:18 of 3rd period - Snap shot by Chase Priskie.
11:18 of 3rd period - Shot Misses the Net.
11:38 of 3rd period - Slapshot by Drake Batherson.
11:38 of 3rd period - Stopped by Oscar Dansk without a rebound.
11:39 of 3rd period - Steven Lorentz wins face-off versus Tanner Kero in Philadelphia Phantoms zone.
12:56 of 3rd period - Wrist shot by Yegor Korshkov.
12:56 of 3rd period - Stopped by Oscar Dansk with a rebound.
12:58 of 3rd period - Slapshot by Jacob Middleton.
12:58 of 3rd period - Stopped by Oscar Dansk with a rebound.
13:12 of 3rd period - Joshua Ho-Sang is hit by Steven Lorentz and loses puck.
13:31 of 3rd period - Jesper Boqvist is hit by Justin Bailey.
13:35 of 3rd period - Backhand shot by Dennis Cholowski.
13:35 of 3rd period - Shot Blocked by Emil Djuse.
13:48 of 3rd period - Minor Penalty to Gemel Smith for Tripping.
13:49 of 3rd period - Justin Bailey wins face-off versus Lias Andersson in Bridgeport Sound Tigers zone.
15:23 of 3rd period - Off-side.
15:24 of 3rd period - Michael Spacek wins face-off versus Dennis Yan in neutral zone.
15:48 of 3rd period - Penalty to Gemel Smith is over, Gemel Smith is back on ice.
16:11 of 3rd period - Wrist shot by Dennis Yan.
16:11 of 3rd period - Deflect By Givani Smith.
16:11 of 3rd period - Shot Blocked by Justin Bailey.
16:11 of 3rd period - Puck is out of play.
16:12 of 3rd period - Lias Andersson wins face-off versus Justin Dowling in Bridgeport Sound Tigers zone.
16:40 of 3rd period - Michael Anderson is hit by Joshua Ho-Sang.
17:00 of 3rd period - Tanner Kero is hit by Justin Bailey and loses puck.
17:52 of 3rd period - Slapshot by Justin Bailey.
17:52 of 3rd period - Shot Misses the Net.
18:38 of 3rd period - Snap shot by A.J. Greer.
18:38 of 3rd period - Stopped by Matthew Villalta with a rebound.
19:34 of 3rd period - Ryan Lomberg is hit by Givani Smith and loses puck.
19:35 of 3rd period - Ryan Lomberg from Bridgeport Sound Tigers is injured at 19:35 of 3rd period (Torso).
19:36 of 3rd period - Justin Dowling wins face-off versus Tanner Kero in Bridgeport Sound Tigers zone.
19:41 of 3rd period - Joshua Ho-Sang is hit by Jacob Middleton and loses puck.
19:47 of 3rd period - Dennis Cholowski is hit by Jacob Middleton and loses puck.
19:58 of 3rd period - Minor Penalty to Jacob Middleton for Holding.
19:59 of 3rd period - Justin Bailey wins face-off versus Lias Andersson in Bridgeport Sound Tigers zone.
Goals for this period are 0 for Bridgeport Sound Tigers vs 0 for Philadelphia Phantoms.
Shots for this period are 14 for Bridgeport Sound Tigers vs 6 for Philadelphia Phantoms.

Overtime #1


0:01 of 1st overtime period - Dryden Hunt wins face-off versus Justin Bailey in neutral zone.
1:18 of 1st overtime period - Slapshot by Lias Andersson.
1:18 of 1st overtime period - Shot Blocked by Emil Djuse.
1:20 of 1st overtime period - Slapshot by Jesper Boqvist.
1:20 of 1st overtime period - Stopped by Matthew Villalta with a rebound.
1:22 of 1st overtime period - Snap shot by Jesper Boqvist.
1:22 of 1st overtime period - Shot Misses the Net.
1:24 of 1st overtime period - Slapshot by Dean Kukan.
1:24 of 1st overtime period - Shot Misses the Net.
1:26 of 1st overtime period - Slapshot by Dean Kukan.
1:26 of 1st overtime period - Shot Blocked by Emil Djuse.
1:28 of 1st overtime period - Wrist shot by Lias Andersson.
1:28 of 1st overtime period - Stopped by Matthew Villalta with a rebound.
1:30 of 1st overtime period - Snap shot by Lias Andersson.
1:30 of 1st overtime period - Shot Blocked by Emil Djuse.
1:32 of 1st overtime period - Wrist shot by Jesper Boqvist.
1:32 of 1st overtime period - Shot Blocked by Michael Spacek.
1:34 of 1st overtime period - Snap shot by Chase Priskie.
1:34 of 1st overtime period - Stopped by Matthew Villalta without a rebound.
1:35 of 1st overtime period - Dryden Hunt wins face-off versus Justin Bailey in Bridgeport Sound Tigers zone.
1:58 of 1st overtime period - Penalty to Jacob Middleton is over, Jacob Middleton is back on ice.
1:58 of 1st overtime period - Joel Persson is hit by Alexander Petrovic and loses puck.
2:07 of 1st overtime period - Snap shot by Zac Dalpe.
2:07 of 1st overtime period - Shot Misses the Net.
3:03 of 1st overtime period - Gemel Smith is hit by Lias Andersson and loses puck.
Goals for this period are 0 for Bridgeport Sound Tigers vs 0 for Philadelphia Phantoms.
Shots for this period are 0 for Bridgeport Sound Tigers vs 3 for Philadelphia Phantoms.

ShootOut


5:00 of 1st overtime period - Round #1.
5:00 of 1st overtime period - Bridgeport Sound Tigers, Justin Bailey.
5:00 of 1st overtime period - Backhand shot by Justin Bailey.
5:00 of 1st overtime period - Goal by Justin Bailey.
5:00 of 1st overtime period - Philadelphia Phantoms, Dryden Hunt.
5:00 of 1st overtime period - Snap shot by Dryden Hunt.
5:00 of 1st overtime period - Shot Misses the Net.
5:00 of 1st overtime period - Round #2.
5:00 of 1st overtime period - Bridgeport Sound Tigers, Drake Batherson.
5:00 of 1st overtime period - Wrist shot by Drake Batherson.
5:00 of 1st overtime period - Shot Misses the Net.
5:00 of 1st overtime period - Philadelphia Phantoms, Brendan Perlini.
5:00 of 1st overtime period - Snap shot by Brendan Perlini.
5:00 of 1st overtime period - Goal by Brendan Perlini.
5:00 of 1st overtime period - Round #3.
5:00 of 1st overtime period - Bridgeport Sound Tigers, Gemel Smith.
5:00 of 1st overtime period - Snap shot by Gemel Smith.
5:00 of 1st overtime period - Goal by Gemel Smith.
5:00 of 1st overtime period - Philadelphia Phantoms, Lias Andersson.
5:00 of 1st overtime period - Deke by Lias Andersson.
5:00 of 1st overtime period - Stopped by Matthew Villalta. Output by the SimonT Hockey Simulator (STHS) for Alexandre Lamarre - Original Page W3C HTML5 Valid
Hockey Simulator - Hockey Simulation - Hockey Manager